 Dungeon Crawl Stone Soup version 0.21-a0-150-gc243083 (webtiles) character file.

129 Manul the Chopper (level 4, -8/34 HPs)
             Began as a Mummy Gladiator on July 28, 2017.
             Was an Initiate of Gozag.
             Mangled by kusayu's ghost (13 damage)
             ... on level 3 of the Dungeon.
             The game lasted 00:02:44 (2410 turns).

Manul the Chopper (Mummy Gladiator)                 Turns: 2410, Time: 00:02:45

Health: -8/34      AC:  6    Str: 17    XL:     4   Next: 88%
Magic:  4/4        EV: 12    Int:  7    God:    Gozag
Gold:   108        SH:  0    Dex: 14    Spells: 3/3 levels left

rFire    x . .     SeeInvis +   a - +0 war axe
rCold    + . .     Gourm    .   (no shield)
rNeg     + + +     Faith    .   f - +0 ring mail
rPois    ∞         Spirit   .   c - +0 helmet
rElec    .         Reflect  .   p - scarf {repulsion}
rCorr    .         Harm     .   (no gloves)
MR       +....                  (no boots)
Stlth    +.........             (no amulet)
HPRegen  0.11/turn              h - ring of see invisible
MPRegen  0.09/turn              q - ring of protection from magic

@: about to teleport, repel missiles
A: no food or potions, fire vulnerability, cold resistance 1, negative energy
resistance 3, torment resistance, unbreathing
a: Potion Petition, Call Merchant, Bribe Branch, Renounce Religion


You were on level 3 of the Dungeon.
You worshipped Gozag.
Gozag was aware of your devotion.
You were not hungry.

You visited 2 branches of the dungeon, and saw 5 of its levels.

You collected 159 gold pieces.
You paid 51 gold pieces to Gozag.

Inventory:

Hand Weapons
 a - a +0 war axe (weapon)
Missiles
 d - 3 throwing nets (quivered)
 e - 5 needles of confusion
Armour
 b - a +0 leather armour
 c - a +0 helmet (worn)
 f - a +0 ring mail (worn)
 p - a scarf of repulsion (worn)
Jewellery
 h - a ring of see invisible (left hand)
 q - a ring of protection from magic (right hand)
Scrolls
 g - a scroll of teleportation
 i - 2 scrolls of remove curse
 j - a scroll of identify
 k - a scroll of enchant armour {unknown}
 l - a scroll of immolation {unknown}
 m - a scroll of amnesia {unknown}
 n - a scroll of random uselessness
 o - a scroll of magic mapping


   Skills:
 + Level 2.4 Fighting
 + Level 3.6 Axes
 + Level 1.7 Throwing
 + Level 1.1 Armour
 + Level 3.0 Dodging
 - Level 0.1 Stealth


You had 3 spell levels left.
You didn't know any spells.

Dungeon Overview and Level Annotations

Branches:
Dungeon (4/15)             Temple (1/1) D:4

Altars:
Ashenzari
Cheibriados
Dithmenos
Elyvilon
Fedhas
Gozag
Nemelex Xobeh
Qazlal
Ru
Sif Muna
Trog
Wu Jian
Xom
Zin

Annotations:
D:3 kusayu's ghost, weakling MiGl


Innate Abilities, Weirdness & Mutations

You do not eat or drink.
Your flesh is vulnerable to fire.
You are immune to poison.
Your flesh is cold resistant. (rC+)
You are immune to negative energy. (rN+++)
You are immune to unholy pain and torment.
You can survive without breathing.


Message History

Kusayu's ghost is nearby!
Kusayu's ghost shrieks, "There is no future for me!"
Kusayu's ghost whispers, "The ORB doesn't exist."
Kusayu's ghost makes a sound of rattling chains.
You see here 25 arrows.
Kusayu's ghost whispers, "It is all a dream - a grotesque and foolish dream."
You closely miss kusayu's ghost. Kusayu's ghost barely misses you.
You barely miss kusayu's ghost. Kusayu's ghost hits you!
You closely miss kusayu's ghost. Kusayu's ghost barely misses you.
Kusayu's ghost completely misses you.
You closely miss kusayu's ghost. Kusayu's ghost closely misses you.
You closely miss kusayu's ghost. Kusayu's ghost hits you!
You closely miss kusayu's ghost. Kusayu's ghost hits you!
* * * LOW HITPOINT WARNING * * *
Kusayu's ghost closely misses you.
You see here a smoky green potion.
As you read the scroll of teleportation, it crumbles to dust.
You feel strangely unstable. Kusayu's ghost hits you!
You die...
Your body crumbles into a pile of gold.

...........#
#.......#
.w...>...#.#
#.#######
.........#.#
#.#
#####+#...#
#.# #.# #.#
#!# #.#W#
#.#@# #.#.#
. #.#.# $
..#####.#.#
........#.#
(....)..#.#
.#
..........#
.#
######.###
.# #.#


You could see kusayu's ghost.

Vanquished Creatures
  Jessica (D:2)
  An iguana (D:4)
  An adder (D:1)
  2 oozes
  2 worms
  5 dart slugs
  A ball python (D:1)
  2 giant cockroaches
  4 hobgoblins
  4 jackals (D:1)
  4 bats
  3 frilled lizards
  7 goblins
  4 kobolds
  6 rats
47 creatures vanquished.

Notes
Turn   | Place    | Note
-------+----------+-------------------------------------------
     0 | D:1      | Manul the Mummy Gladiator began the quest for the Orb.
     0 | D:1      | Reached XP level 1. HP: 16/16 MP: 1/1
   372 | D:1      | Reached XP level 2. HP: 22/22 MP: 2/2
   761 | D:1      | Reached XP level 3. HP: 22/27 MP: 3/3
  1165 | D:2      | Noticed Jessica
  1177 | D:2      | Killed Jessica
  1177 | D:2      | Reached XP level 4. HP: 33/34 MP: 4/4
  1561 | D:2      | Found a blossoming altar of Fedhas.
  1663 | D:3      | Noticed kusayu's ghost (weakling MiGl)
  1725 | D:3      | You fall through a shaft!
  1730 | D:4      | Reached skill level 1 in Armour
  1995 | D:4      | Found a staircase to the Ecumenical Temple.
  2002 | Temple   | Entered the Ecumenical Temple
  2008 | Temple   | Became a worshipper of Gozag Ym Sagoz the Greedy
  2410 | D:3      | Mangled by kusayu's ghost

Vault maps used:
D:1:      erik_arrival_blinker_ship, minmay_misc_feat_hallway,
          minmay_strange_pillars
D:2:      fedhas_altar_1, uniq_jessica
D:4:      cheibrodos_pilgrimage, minmay_temple_entry_steel_oval,
          eino_small_chamber_without_monster
Temple:   nicolae_temple_x_marks_the_god

Skill      XL: |  1  2  3  4 |
---------------+-------------+-----
Axes           | 3 |  3.6
Armour         | 1 |  1.1
Dodging        | 3 |  3.0
Fighting       | |  2.4
Throwing       | |  1.7
Stealth        | |  0.1

Action                   |  1- 3 |  4- 6 || total
-------------------------+-------+-------++-------
Melee: War axe           |   108 |    47 ||   155
  Use: Scroll            |     2 |     3 ||     5
Armor: Ring mail         |    62 |    14 ||    76
       Leather armour    |     1 |       ||     1
Dodge: Dodged            |    79 |    28 ||   107
